 Dungeon Crawl Stone Soup version 0.31-a0-1098-g6898e6545c (webtiles) character file.

Game seed: 3842440019836248545

193 Dirtsage the Changeling (level 5, -2/35 HPs)
             Began as an Octopode Shapeshifter on Dec 1, 2023.
             Killed from afar by a white imp (12 damage)
             ... with a puff of frost
             ... on level 4 of the Dungeon.
             The game lasted 00:06:06 (2779 turns).

Dirtsage the Changeling (Octopode Shapeshifter)     Turns: 2779, Time: 00:06:07

Health: -2/35      AC:  1    Str: 13    XL:     5   Next: 72%
Magic:  5/5        EV: 13    Int: 12    God:
Gold:   284        SH:  0    Dex: 14    Spells: 4/4 levels left

rFire   + .          .
                       - Unarmed
rCold   x . .        (no shield)
rNeg    . . .        (helmet currently unavailable)
rPois   .            f - amulet "Dempuhoa" {Regen+ rCorr Stlth+}
rElec   .            h - ring of fire
rCorr   +            S - ring of see invisible
SInv    +            W - ring of wizardry
Will    .....        (no ring)
Stlth   +++          (no ring)
HPRegen 1.05/turn    (no ring)
MPRegen 0.09/turn    (no ring)
                     (no ring)

%: wizardry (x1)
@: beast-form
A: beast (slay +2), almost no armour, amphibious, 8 rings, camouflage 1,
gelatinous body 1, (nimble swimmer 1), tentacles
a: Begin Untransformation


You were on level 4 of the Dungeon.
You were a hulking beast.
You visited 1 branch of the dungeon, and saw 4 of its levels.

You collected 1014 gold pieces.
You spent 730 gold pieces at shops.

Inventory:

Jewellery
 f - the amulet "Dempuhoa" (around mantle) {Regen+ rCorr Stlth+}
   (You bought it in a shop on level 3 of the Dungeon)

   [amulet of regeneration]

   Regen+:    It increases your rate of health regeneration.
   rCorr:     It protects you from acid and corrosion.
   Stlth+:    It makes you more stealthy.
 h - a ring of fire (left tentacle)
 S - a ring of see invisible (right tentacle)
 W - a ring of wizardry (on tentacle)
Talismans
 b - a beast talisman
 c - a flux talisman
Scrolls
 d - 2 scrolls of summoning
 e - a scroll of immolation
 j - a scroll of amnesia {unknown}
 k - a scroll of fog {unknown}
 l - a scroll of poison {unknown}
Potions
 a - a potion of lignification
 g - a potion of might {unknown}
 i - a potion of degeneration {unknown}
 m - a potion of resistance {unknown}


   Skills:
 + Level 2.6 Fighting
 - Level 2.0 Dodging
 + Level 3.9 Unarmed Combat
 + Level 1.3 Ice Magic
 * Level 4.5 Shapeshifting


You had 4 spell levels left.
You didn't know any spells.
Your spell library contained the following spells:

 Spells                   Type           Power      Damage    Failure   Level
 Freeze                   Ice            12%        1d3       9%          1
 Shock                    Conj/Air       0%         1d3       13%         1
 Blink                    Tloc           0%         N/A       21%         2
 Frozen Ramparts          Ice            6%         1d1       24%         3
 Hailstorm                Conj/Ice       1%         3d3       30%         3
 Swiftness                Air            0%         N/A       36%         3
 Airstrike                Air            0%         2d(0-16)  75%         4
 Manifold Assault         Tloc           0%         N/A       75%         4


Dungeon Overview and Level Annotations

Branches:
Dungeon (4/15)
 Temple: D:4-7

Altars:
Okawaru

Shops:
D:3 (=?=


Innate Abilities, Weirdness & Mutations

You are a hulking beast.
Your limbs bulge with bestial killing power. (Slay +2)
You cannot wear most types of armour.
You are amphibious.
You can wear up to eight rings at the same time.
Your skin changes colour to match your surroundings (Stealth+).
Your rubbery body absorbs attacks. (AC +1, EV +1)
((You are camouflaged when in or above water. (Stealth+)))
You have tentacles for arms and can constrict up to eight enemies at once.


Message History

The white imp gestures at you. The puff of frost hits you!
You feel a terrible chill!
A dart slug comes into view.
You take 13 damage, and have 22/35 hp.
MASSIVE DAMAGE!!
You regained 2 hp, and now have 26/35 hp.
You start resting.
A white imp is nearby!
You regained 3 hp, and now have 29/35 hp.
The white imp closely misses you.
You tentacle-slap the white imp but do no damage.
You grab the white imp. You constrict the white imp.
The white imp gestures at you. The puff of frost misses you.
You tentacle-slap the white imp.
The white imp is severely wounded.
You constrict the white imp, but do no damage.
The white imp gestures at you. The puff of frost hits you!
You feel a terrible chill! The shadow imp barely misses you.
You take 11 damage, and have 20/35 hp.
MASSIVE DAMAGE!!
You tentacle-slap the white imp.
You kill the white imp!
The shadow imp hits you.
You hear a shout!
You take 4 damage, and have 16/35 hp.
You barely miss the shadow imp. You grab the shadow imp.
You squeeze the shadow imp!
You kill the shadow imp!
You start resting.
A white imp comes into view.
You regained 6 hp, and now have 23/35 hp.
The white imp gestures at you. The puff of frost hits you!
You feel a terrible chill!
* * * LOW HITPOINT WARNING * * *
You take 14 damage, and have 9/35 hp.
MASSIVE DAMAGE!!
You closely miss the white imp. You grab the white imp.
You constrict the white imp. The white imp gestures at you.
The puff of frost hits you!
You feel a terrible chill!
You die...

#$... #.... ..
+.... ... ....
.... #..
#####....
..###..##........
........5........
........#h.......
...##..##........
.~P♣.#....#####
.~~≈ ..#....#...#
P≈~ ~P.#....#...#
P~ ~...#....#...#
. ≈w...#....#...#
..~...#....#...#
#....#..(#


You could see a white imp.

Vanquished Creatures
  An orc priest (D:3)
  Jessica (D:3)
  An orc wizard (D:3)
  3 adders (D:2)
  2 shadow imps (D:4)
  A white imp (D:4)
  A worm (D:2)
  2 dart slugs
  7 orcs (D:3)
  7 ball pythons
  A bat (D:1)
  3 endoplasms
  4 giant cockroaches
  A hobgoblin (D:1)
  7 kobolds
  3 quokkas
  2 frilled lizards
  2 goblins
  6 rats
55 creatures vanquished.

Notes
Turn   | Place    | Note
-------+----------+-------------------------------------------
     0 | D:1      | Dirtsage the Octopode Shapeshifter began the quest for the
                  | Orb.
     0 | D:1      | Reached XP level 1. HP: 13/13 MP: 1/1
   270 | D:1      | Reached XP level 2. HP: 18/18 MP: 2/2
   955 | D:2      | Reached XP level 3. HP: 23/23 MP: 3/3
  1085 | D:2      | Found an iron altar of Okawaru.
  1255 | D:2      | Reached XP level 4. HP: 27/29 MP: 4/4
  2158 | D:3      | Found Oklaga's Magic Scroll Shop.
  2164 | D:3      | Bought a scroll of identify for 22 gold pieces
  2164 | D:3      | Bought a scroll of summoning for 104 gold pieces
  2174 | D:3      | Found Naorruno's Jewellery Shoppe.
  2189 | D:3      | Found Qeyrgh's Antique Weapon Boutique.
  2219 | D:3      | Noticed Jessica
  2220 | D:3      | Reached skill level 4 in Shapeshifting
  2228 | D:3      | Killed Jessica
  2229 | D:3      | Reached skill level 1 in Ice Magic
  2229 | D:3      | Reached XP level 5. HP: 31/35 MP: 5/5
  2291 | D:3      | Identified a scroll of acquirement
  2294 | D:3      | Acquired 822 gold pieces
  2334 | D:3      | Bought the amulet "Dempuhoa" {Regen+ rCorr Stlth+} for 454
                  | gold pieces
  2334 | D:3      | Bought a ring of see invisible for 150 gold pieces
  2632 | D:3      | Found Banont's Jewellery Shop.
  2779 | D:4      | Killed from afar by a white imp

Illustrated notes

Levels and vault maps discovered:
D:1:      minmay_arrival_arboretum_small, layout_basic
D:2:      layout_basic, basic_altar, eino_tiny_chamber
D:3:      layout_loops_corners, serial_shops, shop,
          nicolae_shop_back_alley_shop, shop, nicolae_shop_advertising_works
          [nicolae_subvault_shop_adworks], uniq_jessica
D:4:      layout_gridville, mainiacjoe_overflow_tiny_flanked, xom_butterflies,
          serial_demonic, serial_demonic_f, serial_demonic_f, serial_demonic_c,
          serial_demonic_e, uniq_sigmund

Skill      XL: |  1  2  3  4 |
---------------+-------------+-----
Fighting       | 2 |  2.6
Shapeshifting  | 4 |  4.5
Ice Magic      | 1 |  1.3
Dodging        | |  2.0
Unarmed Combat | |  3.9

Action                     |  1- 3 |  4- 6 || total
---------------------------+-------+-------++-------
  Melee: Unarmed           |    62 |    49 ||   111
         Constrict         |    12 |    18 ||    30
         Tentacles         |     6 |    11 ||    17
         Punch             |     1 |     4 ||     5
    Use: Potion            |       |     2 ||     2
         Scroll            |       |     3 ||     3
   Stab: Sleeping          |     4 |     4 ||     8
         Distracted        |       |     1 ||     1
 Armour: Skin              |    11 |    19 ||    30
  Dodge: Dodged            |    40 |    17 ||    57

Table legend: (Time is in decaauts)
 A = Elapsed time spent in this place.
 B = Non-inter-level travel time spent in this place.
 C = Inter-level travel time spent in this place.
 D = Time resting spent in this place.
 E = Time spent auto-exploring this place.
 F = Levels seen in this place.
 G = Mean time per level.
                   A        B        C        D        E       F      G
               +--------+--------+--------+--------+--------+-----+--------+
         Total |   2768 |   2666 |    102 |     10 |   2268 |   4 |  692.0 |
       Dungeon |   2768 |   2666 |    102 |     10 |   2268 |   4 |  692.0 |
               +--------+--------+--------+--------+--------+-----+--------+

Top non-repeatable levels by time:
     D:3: 984 daAuts
     D:1: 933 daAuts
     D:2: 792 daAuts
     D:4: 58 daAuts
